 Dungeon Crawl Stone Soup version 0.31-a0-986-g5e6e4ef867 (webtiles) character file.

Game seed: 9074925856258164911

1696 Persephone the Mimic (level 8, 0/54 HPs)
             Began as a Demonspawn Shapeshifter on Nov 16, 2023.
             Was an Initiate of Gozag.
             Slain by a jelly (3 damage)
             ... on level 5 of the Dungeon.
             The game lasted 00:09:13 (4520 turns).

Persephone the Mimic (Demonspawn Shapeshifter)      Turns: 4520, Time: 00:09:14

Health: 0/54       AC: -3    Str: 17    XL:     8   Next: 72%
Magic:  8/8        EV: 11    Int: 12    God:    Gozag
Gold:   235        SH:  9    Dex: 12    Spells: 7/7 levels left

rFire   . .          .
                       - Unarmed
rCold   . . .        j - +1 buckler
rNeg    . . .        l - +0 ring mail
rPois   +            (helmet currently unavailable)
rElec   .            m - melded scarf {shadows}
rCorr   .            (gloves currently unavailable)
SInv    +            (boots currently unavailable)
Will    .....        (no amulet)
Stlth   +            e - ring of poison resistance
HPRegen 0.29/turn    p - ring of see invisible
MPRegen 0.11/turn

%: no passive effects
@: about to teleport, beast-form, corroded
A: beast (slay +4), horns 2, sturdy frame 2, condensation shield
a: Begin Untransformation, Renounce Religion, Potion Petition, Call Merchant,
Bribe Branch


You were on level 5 of the Dungeon.
You worshipped Gozag.
Gozag was aware of your devotion.
You were a hulking beast.
You visited 2 branches of the dungeon, and saw 6 of its levels.

You collected 306 gold pieces.
You paid 71 gold pieces to Gozag.

Inventory:

Armour
 a - a +0 animal skin
 j - a +1 buckler (worn)
 l - a +0 ring mail (worn)
 m - a scarf of shadows (melded)
Jewellery
 e - a ring of poison resistance (left hand)
 p - a ring of see invisible (right hand)
Talismans
 c - a beast talisman (active)
 d - a flux talisman
Wands
 n - a wand of polymorph (8)
 q - a wand of flame (22)
Scrolls
 g - 10 scrolls of identify
 h - 3 scrolls of vulnerability
 o - a scroll of enchant armour
Potions
 f - 2 potions of curing
 i - a potion of lignification
 k - 2 potions of enlightenment {unknown}


   Skills:
 - Level 1.0 Fighting
 - Level 1.7 Dodging
 + Level 3.1 Shields
 - Level 5.4 Unarmed Combat
 * Level 8.2 Shapeshifting


You had 7 spell levels left.
You didn't know any spells.
Your spell library contained the following spells:

 Spells                   Type           Power      Damage    Failure   Level
 Anguish                  Hex/Necr       0%         N/A       99%         4
 Cause Fear               Hex            0%         N/A       99%         4
 Enfeeble                 Hex            0%         N/A       100%        7


Dungeon Overview and Level Annotations

Branches:
Dungeon (5/15)             Temple (1/1) D:5

Altars:
Cheibriados
Dithmenos
Fedhas
Gozag
Hepliaklqana
Kikubaaqudgha
Makhleb
Nemelex Xobeh
Okawaru
Ru
Uskayaw
Xom
Yredelemnul


Innate Abilities, Weirdness & Mutations

You are a hulking beast.
Your limbs bulge with bestial killing power. (Slay +4)
You have a pair of horns on your head.
Your movements are less encumbered by armour. (ER -4)
A meltable shield of frost defends you. (SH +4)


Message History

The bullfrog is moderately wounded.
You hear a shout!
The bullfrog barely misses you.
You hit the iguana but do no damage.
The iguana is no longer distracted by gold.
Your headbutt misses the iguana.
The iguana is almost dead.
The bullfrog is distracted by your dazzling golden aura.
You block the iguana's attack.
The bullfrog gives a loud, deep croak!
You hit the iguana.
You kill the iguana!
Okay, then.
You hit the jelly. The acid corrodes you!
Your hands burn!
The jelly is lightly wounded.
The bullfrog is no longer distracted by gold.
The troll is no longer distracted by gold.
The orc is no longer distracted by gold.
You block the bullfrog's attack. The jelly hits you. The acid corrodes you!
You are splashed with acid!
The troll is distracted by your dazzling golden aura.
You block the bullfrog's attack.
You completely miss the jelly.
The jelly is lightly wounded.
The bullfrog barely misses you. The jelly closely misses you.
You completely miss the jelly.
The troll shouts!
Your headbutt misses the jelly.
The jelly is lightly wounded.
The bullfrog hits you! The jelly hits you.
You are splashed with acid.
* * * LOW HITPOINT WARNING * * *
As you read the scroll of teleportation, it crumbles to dust.
You feel strangely unstable.
The troll is no longer distracted by gold.
You block the bullfrog's attack. The bullfrog hits you!
* * * LOW HITPOINT WARNING * * *
An ogre comes into view. It is wielding a +0 giant club.
The jelly hits you.
You die...
Your body crumbles into a pile of gold.

≈.≈≈.###..##..##
.........##.(.
≈.≈≈..##)######
#######...#... ≈_≈≈..(..#
##.8..8.##...#..
≈≈≈≈.##..#
##.....[..##..##.
≈≈≈..#...# ##O.# ##.##.
.....###... #To#.l§§ #..#.
.....##....## ##W##F..§.
##... ......#.....#.#JF#
.#§§#.. #.##
..........#.#..^h# T#o⌠#..
#.#
......#..##.#.##.##W..)..#
##.# ......##.#
#..#..##..≈.## #..#
......# ..
##.##..######..##.##
#.....# #..#......$..##))#
#.....# #..##.8..8.##..##
.....<. #...########...#
...... ##............##
...... #............#


You could see a troll, an ogre, a phantom, a bullfrog, a jelly and an orc.

Vanquished Creatures
  Sigmund (D:2)
  2 water moccasins (D:5)
  A sky beast (D:4)
  3 ogres (D:5)
  A black bear (D:5)
  A kobold brigand (D:4)
  4 scorpions
  3 hounds
  A jelly (D:4)
  An orc priest (D:4)
  A sleepcap (D:5)
  6 iguanas (D:5)
  An orc wizard (D:5)
  3 gnolls (D:3)
  12 adders
  2 ufetubi (D:5)
  2 worms
  4 dart slugs
  4 orcs
  4 endoplasms
  7 giant cockroaches
  6 goblins
  7 hobgoblins
  4 jackals
  10 kobolds
  3 quokkas
  9 ball pythons
  5 bats
  6 frilled lizards
  2 rats
116 creatures vanquished.

Notes
Turn   | Place    | Note
-------+----------+-------------------------------------------
     0 | D:1      | Persephone the Demonspawn Shapeshifter began the quest for
                  | the Orb.
     0 | D:1      | Reached XP level 1. HP: 15/15 MP: 1/1
    33 | D:1      | Reached skill level 3 in Shapeshifting
    65 | D:1      | Gained mutation: You have a pair of small horns on your
                  | head. [demonic ancestry]
    65 | D:1      | Reached XP level 2. HP: 21/21 MP: 2/2
   763 | D:2      | Gained mutation: You have a pair of horns on your head.
                  | [demonic ancestry]
   763 | D:2      | Reached XP level 3. HP: 19/26 MP: 3/3
   936 | D:2      | Noticed Sigmund
   955 | D:2      | Killed Sigmund
   956 | D:2      | Reached skill level 4 in Shapeshifting
   956 | D:2      | Reached XP level 4. HP: 10/32 MP: 4/4
   956 | D:2      | Gained mutation: Your movements are slightly less
                  | encumbered by armour. (ER -2) [demonic ancestry]
   956 | D:2      | Reached XP level 5. HP: 11/37 MP: 5/5
  1101 | D:2      | Found a snail-covered altar of Cheibriados.
  1284 | D:2      | Reached skill level 5 in Shapeshifting
  1720 | D:3      | Reached XP level 6. HP: 38/43 MP: 6/6
  2211 | D:3      | Found a shadowy altar of Dithmenos.
  2988 | D:4      | Gained mutation: Your movements are less encumbered by
                  | armour. (ER -4) [demonic ancestry]
  2988 | D:4      | Reached XP level 7. HP: 5/48 MP: 7/7
  3127 | D:4      | Reached skill level 6 in Shapeshifting
  3247 | D:4      | Reached skill level 5 in Unarmed Combat
  3791 | D:4      | Found a burning altar of Makhleb.
  3791 | D:4      | Found a sparkling altar of Nemelex Xobeh.
  3906 | D:5      | Entered Level 5 of the Dungeon
  4026 | D:5      | Found a staircase to the Ecumenical Temple.
  4041 | D:5      | Found a basalt altar of Yredelemnul.
  4051 | D:5      | Reached skill level 7 in Shapeshifting
  4054 | D:5      | Gained mutation: A meltable shield of frost defends you.
                  | (SH +4) [demonic ancestry]
  4054 | D:5      | Reached XP level 8. HP: 47/54 MP: 8/8
  4068 | Temple   | Entered the Ecumenical Temple
  4136 | D:5      | Reached skill level 1 in Shields
  4149 | D:5      | Found an opulent altar of Gozag.
  4175 | D:5      | Became a worshipper of Gozag Ym Sagoz the Greedy
  4474 | D:5      | Reached skill level 8 in Shapeshifting
  4503 | D:5      | Noticed a troll
  4520 | D:5      | Slain by a jelly

Illustrated notes

Levels and vault maps discovered:
D:1:      sevenhm_arrival_forest_fort_small_6, layout_basic, nicolae_the_louvre
D:2:      layout_rooms, basic_altar, uniq_sigmund
D:3:      layout_basic, nicolae_dithmenos_shadow_blocks
D:4:      layout_cave_pods, gammafunk_temple_overflow_wave,
          kennysheep_small_spiral, minmay_divided_ellipse
D:5:      layout_cave_pools, mainiacjoe_overflow_catwalk, grunt_gozag_statues,
          minmay_temple_entry_enclosed_plants, nzn_random_ring
Temple:   eino_wide_crystal_templ

Skill      XL: |  1  2  3  4  5  6  7  8 |
---------------+-------------------------+-----
Shapeshifting  | 3 4 5 7 8 |  8.2
Unarmed Combat | 3 4 5 |  5.4
Shields        | 3 |  3.1
Fighting       | |  1.0
Dodging        | |  1.7

Action                     |  1- 3 |  4- 6 |  7- 9 || total
---------------------------+-------+-------+-------++-------
  Melee: Unarmed           |    89 |   115 |   146 ||   350
         Headbutt          |    10 |    19 |    30 ||    59
         Punch             |       |     2 |       ||     2
Ability: Begin Untransform |       |     1 |       ||     1
    Use: Potion            |     2 |       |     1 ||     3
         Scroll            |       |     3 |     3 ||     6
   Stab: Distracted        |       |     1 |       ||     1
 Armour: Animal skin       |    48 |    51 |       ||    99
         Ring mail         |       |    29 |    75 ||   104
  Dodge: Dodged            |    47 |    67 |    62 ||   176
  Block: Buckler           |       |     5 |    48 ||    53
   Form: Beast             |       |     1 |       ||     1

Table legend: (Time is in decaauts)
 A = Elapsed time spent in this place.
 B = Non-inter-level travel time spent in this place.
 C = Inter-level travel time spent in this place.
 D = Time resting spent in this place.
 E = Time spent auto-exploring this place.
 F = Levels seen in this place.
 G = Mean time per level.
                   A        B        C        D        E       F      G
               +--------+--------+--------+--------+--------+-----+--------+
         Total |   4498 |   4163 |    335 |      0 |   3347 |   6 |  749.7 |
       Dungeon |   4457 |   4161 |    296 |      0 |   3347 |   5 |  891.4 |
        Temple |     40 |      1 |     39 |      0 |      0 |   1 |   40.0 |
               +--------+--------+--------+--------+--------+-----+--------+

Top non-repeatable levels by time:
     D:4: 1418 daAuts
     D:3: 943 daAuts
     D:2: 776 daAuts
     D:1: 752 daAuts
     D:5: 566 daAuts
  Temple: 40 daAuts
